 Dungeon Crawl Stone Soup version 0.21.1-1-g345015f (webtiles) character file.

2516 Spyridon the Cleaver (level 9, -1/78 HPs)
             Began as a Minotaur Fighter on May 20, 2018.
             Was a Follower of Makhleb.
             Slain by an iguana (4 damage)
             ... on level 8 of the Dungeon.
             The game lasted 00:54:54 (7147 turns).

Spyridon the Cleaver (Minotaur Fighter)             Turns: 7147, Time: 00:54:57

Health: -1/78      AC: 17    Str: 24    XL:     9   Next: 29%
Magic:  8/8        EV:  6    Int:  5    God:    Makhleb [*.....]
Gold:   345        SH: 10    Dex: 10    Spells: 8/8 levels left

rFire    . . .     SeeInvis .   a - +4 war axe
rCold    . . .     Gourm    .   c - +0 shield
rNeg     + . .     Faith    .   t - +1 plate armour
rPois    .         Spirit   .   (helmet restricted)
rElec    .         Reflect  .   j - +0 cloak
rCorr    .         Harm     .   k - +0 pair of gloves
MR       .....                  (no boots)
Stlth    ..........             (no amulet)
HPRegen  0.23/turn              n - ring of positive energy
MPRegen  0.11/turn              (no ring)

@: no status effects
A: retaliatory headbutt, horns 2
a: Renounce Religion


You were on level 8 of the Dungeon.
You worshipped Makhleb.
Makhleb was aware of your devotion.
You were not hungry.

You visited 2 branches of the dungeon, and saw 9 of its levels.

You collected 345 gold pieces.

Inventory:

Hand Weapons
 a - a +4 war axe (weapon)
 b - a +0 spear
Missiles
 g - 264 stones
 u - 5 tomahawks (quivered)
Armour
 c - a +0 shield (worn)
 j - a +0 cloak (worn)
 k - a +0 pair of gloves (worn)
 t - a +1 plate armour (worn)
Jewellery
 n - a ring of positive energy (left hand)
Wands
 d - a wand of paralysis (13)
 x - a wand of flame (16)
Scrolls
 h - 2 scrolls of teleportation
 l - a scroll of amnesia
 q - 2 scrolls of remove curse
 r - 4 scrolls of identify
 s - a scroll of blinking
Potions
 e - a potion of curing
 i - a potion of cancellation
 m - a potion of magic
 o - a potion of ambrosia
 p - 3 potions of lignification
 v - a potion of resistance
 z - a potion of flight
Comestibles
 f - 2 rations


   Skills:
 + Level 6.4 Fighting
 + Level 8.5 Axes
 + Level 0.2(5.2) Polearms
 + Level 5.3 Throwing
 + Level 7.6 Armour
 + Level 1.8 Dodging
 + Level 1.4 Stealth
 + Level 6.4 Shields
 + Level 1.0 Evocations


You had 8 spell levels left.
You didn't know any spells.

Dungeon Overview and Level Annotations

Branches:
Dungeon (8/15)             Temple (1/1) D:5
   Lair: D:8-11

Altars:
Ashenzari
Cheibriados
Dithmenos
Elyvilon
Fedhas
Gozag
Hepliaklqana
Kikubaaqudgha
Makhleb
Nemelex Xobeh
Okawaru
Ru
Trog
Uskayaw
Vehumet
Wu Jian
Xom
Yredelemnul
Zin
The Shining One

Shops:
D:5 }[[%


Innate Abilities, Weirdness & Mutations

You reflexively headbutt those who attack you in melee.
You have a pair of horns on your head.


Message History

You feel better. The iguana barely misses you. You furiously retaliate!
You headbutt the iguana, but do no damage.
You block the wyvern's attack.
You hit the wyvern.
You headbutt the wyvern, but do no damage.
The wyvern is heavily wounded.
You completely miss the iguana. You block the wyvern's attack.
The iguana bites you.
* * * LOW HITPOINT WARNING * * *
The wyvern bites you!
* * * LOW HITPOINT WARNING * * *
The iguana closely misses you.
You barely miss the wyvern.
The wyvern is moderately wounded.
You hit the iguana but do no damage. The wyvern bites you!
* * * LOW HITPOINT WARNING * * *
The wyvern barely misses you. You furiously retaliate!
You headbutt the wyvern, but do no damage.
The iguana bites you.
You die...

....... #.....
#.....
####.....
........#####..
...............
......ll.......
......†@#
####.(### #. #


You could see a wyvern and an iguana.

Vanquished Creatures
  The ghost of Terandir the Cleaver, a novice MiFi of Cheibriados (D:7)
  An ugly thing (D:7)
  The ghost of Spyridon the Covered, an amateur MiFi of Nemelex Xobeh (D:4)
  A wyvern (D:8)
  A phantom (D:5)
  A centaur (D:7)
  A big kobold (D:7)
  2 scorpions
  3 howler monkeys
  A crimson imp (D:5)
  2 bullfrog zombies (D:5)
  Crazy Yiuf (D:6)
  5 hounds
  2 bullfrog skeletons
  A centaur skeleton (D:5)
  An orc priest (D:7)
  An orc wizard (D:3)
  A gnoll shaman (D:6)
  Ijyb (D:5)
  A hound skeleton (D:7)
  4 gnolls
  11 adders
  2 shadow imps
  An ooze (D:1)
  2 worms (D:5)
  12 leopard geckos
  13 orcs
  3 bats
  4 giant cockroaches
  5 goblins
  5 hobgoblins
  10 jackals
  2 quokkas
  A ball python zombie (D:6)
  2 frilled lizards (D:3)
  16 kobolds
  8 rats
130 creatures vanquished.

Notes
Turn   | Place    | Note
-------+----------+-------------------------------------------
     0 | D:1      | Spyridon the Minotaur Fighter began the quest for the Orb.
     0 | D:1      | Reached XP level 1. HP: 19/19 MP: 0/0
   144 | D:1      | Reached XP level 2. HP: 27/27 MP: 1/1
   915 | D:2      | Reached XP level 3. HP: 33/33 MP: 2/2
  1187 | D:2      | Reached skill level 3 in Axes
  1187 | D:2      | Reached XP level 4. HP: 28/40 MP: 3/3
  1192 | D:2      | Reached skill level 1 in Throwing
  2135 | D:3      | Found an iron altar of Okawaru.
  2172 | D:3      | Reached XP level 5. HP: 38/47 MP: 4/4
  3083 | D:3      | Reached skill level 1 in Dodging
  3561 | D:4      | Reached skill level 5 in Armour
  3592 | D:4      | Reached skill level 5 in Shields
  3592 | D:4      | Reached XP level 6. HP: 49/53 MP: 5/5
  3769 | D:4      | Noticed Spyridon's ghost (amateur MiFi)
  3806 | D:4      | Killed Spyridon's ghost
  3806 | D:4      | Reached skill level 4 in Axes
  3956 | D:4      | Reached XP level 7. HP: 60/60 MP: 6/6
  4239 | D:5      | Entered Level 5 of the Dungeon
  4285 | D:5      | Found a staircase to the Ecumenical Temple.
  4308 | Temple   | Entered the Ecumenical Temple
  4406 | Temple   | Became a worshipper of Makhleb the Destroyer
  4539 | D:5      | Found Naluhy's Food Boutique.
  4699 | D:5      | Found Mucve's Antique Armour Shoppe.
  4740 | D:5      | Noticed Ijyb
  4742 | D:5      | Found Qenn's Antique Armour Shop.
  4772 | D:5      | Paralysed by Ijyb for 5 turns
  4781 | D:5      | Paralysed by Ijyb for 5 turns
  4787 | D:5      | Killed Ijyb
  4985 | D:5      | Reached skill level 5 in Axes
  5109 | D:5      | Found Wieffeh's Gadget Boutique.
  5378 | D:6      | Reached skill level 5 in Fighting
  5378 | D:6      | Reached skill level 6 in Axes
  5444 | D:6      | Found a sparkling altar of Nemelex Xobeh.
  5453 | D:6      | Found a radiant altar of Vehumet.
  5457 | D:6      | Reached XP level 8. HP: 68/68 MP: 7/7
  5516 | D:6      | Found a runed door.
  5568 | D:6      | Found a white marble altar of Elyvilon.
  5734 | D:6      | Found a hazy altar of Hepliaklqana.
  5790 | D:6      | Found a hide-covered altar of Uskayaw.
  5964 | D:6      | Noticed Crazy Yiuf
  5979 | D:6      | Killed Crazy Yiuf
  5979 | D:6      | Reached * piety under Makhleb
  6351 | D:7      | Noticed a green ugly thing
  6365 | D:7      | Killed a green ugly thing
  6365 | D:7      | Reached skill level 7 in Axes
  6365 | D:7      | Reached skill level 1 in Stealth
  6638 | D:7      | Noticed Terandir's ghost (novice MiFi)
  6655 | D:7      | Killed Terandir's ghost
  6655 | D:7      | Reached skill level 8 in Axes
  6655 | D:7      | Reached skill level 5 in Throwing
  6655 | D:7      | Reached XP level 9. HP: 45/75 MP: 8/8
  7118 | D:7      | Found a glowing silver altar of Zin.
  7140 | D:8      | Reached skill level 1 in Evocations
  7147 | D:8      | HP: 3/78 [wyvern (10)]
  7147 | D:8      | Slain by an iguana

Skill      XL: |  1  2  3  4  5  6  7  8  9 |
---------------+----------------------------+-----
Fighting       | 4 5 6 |  6.4
Armour         | 4 5 6 7 |  7.6
Shields        | 4 5 6 |  6.4
Axes           | 3 4 6 8 |  8.5
Throwing       | 1 2 3 5 |  5.3
Dodging        | 1 |  1.8
Stealth        | 1 |  1.4
Evocations     | 1 |  1.0
Polearms       | |  0.2

Action                   |  1- 3 |  4- 6 |  7- 9 || total
-------------------------+-------+-------+-------++-------
Melee: War axe           |    70 |    62 |   165 ||   297
       Headbutt          |    12 |    31 |    27 ||    70
       Spear             |       |   154 |       ||   154
Throw: Stone             |    55 |    29 |    79 ||   163
       Tomahawk          |       |       |    11 ||    11
Evoke: Wand              |       |       |     4 ||     4
  Use: Scroll            |       |     6 |    17 ||    23
       Potion            |       |       |     2 ||     2
 Stab: Paralysed         |       |       |     1 ||     1
  Eat: Ration            |     1 |     2 |     3 ||     6
Armor: Scale mail        |    54 |    75 |       ||   129
       Plate armour      |       |    21 |    87 ||   108
Dodge: Dodged            |    28 |    51 |    31 ||   110
Block: Shield            |    61 |   125 |    63 ||   249
